 Dungeon Crawl Stone Soup version 0.29.1-15-g9cfb28693d (webtiles) character file.

Game seed: 10478596687837453218

45 leafyfresh the Covert (level 3, -1/35 HPs)
             Began as a Gnoll Delver on June 16, 2023.
             Slain by an elf zombie (6 damage)
             ... in an ossuary.
             The game lasted 00:02:57 (975 turns).

leafyfresh the Covert (Gnoll Delver)                 Turns: 975, Time: 00:02:58

Health: -1/35      AC:  3    Str: 11    XL:     3   Next: 64%
Magic:  4/4        EV: 13    Int:  9    God:
Gold:   0          SH:  0    Dex: 15    Spells: 4/4 levels left

rFire   . . .      SeeInvis .   a - +0 short sword
rCold   . . .      Faith    .   (no shield)
rNeg    . . .      Spirit   .   b - +0 leather armour
rPois   .          Reflect  .   (no helmet)
rElec   .          Harm     .   (no cloak)
rCorr   .          Rampage  .   (no gloves)
Will    .....                   (no boots)
Stlth   ++++......              (no amulet)
HPRegen 0.11/turn               (no ring)
MPRegen 0.09/turn               (no ring)

@: no status effects
A: fangs 1, strong nose, distributed training
a: no special abilities


You were in an ossuary.
You visited 1 branch of the dungeon, and saw 1 of its levels.
You also visited: Ossuary.

Inventory:

Hand Weapons
 a - a +0 short sword (weapon)
Armour
 b - a +0 leather armour (worn)
Wands
 g - a wand of digging (3)
Scrolls
 c - a scroll of fog
 e - a scroll of fear
Potions
 f - 2 potions of haste


   Skills:
 + Level 6.5 Fighting
 + Level 4.6 Short Blades
 + Level 1.0 Long Blades
 + Level 1.0 Axes
 + Level 1.0 Maces & Flails
 + Level 1.0 Polearms
 + Level 1.0 Staves
 + Level 1.0 Ranged Weapons
 + Level 1.0 Throwing
 + Level 1.0 Armour
 + Level 4.6 Dodging
 + Level 9.6 Stealth
 + Level 1.0 Shields
 + Level 1.0 Unarmed Combat
 + Level 1.0 Spellcasting
 + Level 0.7 Conjurations
 + Level 0.7 Hexes
 + Level 0.7 Summonings
 + Level 0.7 Necromancy
 + Level 0.7 Translocations
 + Level 0.7 Transmutations
 + Level 0.7 Fire Magic
 + Level 0.7 Ice Magic
 + Level 0.7 Air Magic
 + Level 0.7 Earth Magic
 + Level 0.7 Poison Magic
 + Level 1.0 Invocations
 + Level 1.0 Evocations


You had 4 spell levels left.
You didn't know any spells.
Your spell library was empty.

Dungeon Overview and Level Annotations

Branches:
Dungeon (5/15)            Ossuary (1/1)
 Temple: D:4-7

Altars:
Okawaru


Innate Abilities, Weirdness & Mutations

You have very sharp teeth.
Your uncanny sense of smell can sniff out nearby items.
Your experience applies equally to all skills.


Message History

The elf zombie barely misses you.
You hit the elf zombie.
The elf zombie is heavily damaged.
The elf zombie hits you but does no damage.
You hit the elf zombie.
The elf zombie is heavily damaged.
You hit the elf zombie.
The elf zombie is heavily damaged.
The elf zombie barely misses you.
You hit the elf zombie. Your bite misses the elf zombie.
The elf zombie is heavily damaged.
You hit the elf zombie but do no damage.
The elf zombie is heavily damaged.
The elf zombie hits you.
You hit the elf zombie.
The elf zombie is heavily damaged.
The elf zombie barely misses you.
You hit the elf zombie.
The elf zombie is heavily damaged.
The elf zombie barely misses you.
You closely miss the elf zombie.
The elf zombie is heavily damaged.
You hit the elf zombie.
The elf zombie is severely damaged.
The elf zombie hits you.
You barely miss the elf zombie.
The elf zombie is severely damaged.
The elf zombie hits you.
* * * LOW HITPOINT WARNING * * *
You hit the elf zombie.
The elf zombie is severely damaged.
You hit the elf zombie but do no damage.
Your bite misses the elf zombie.
The elf zombie is severely damaged.
The elf zombie hits you.
* * * LOW HITPOINT WARNING * * *
You hit the elf zombie.
The elf zombie is severely damaged.
The elf zombie hits you.
You die...

#....................#
#....................#
#........8..8........#
#....................#
#...######^.######...#
#...#....#.^#∆∆∆ #...#
#...#.#ZZ#.^#∆∆ #...#
#...#.####.^####.#...#
#...#..Z@........#...#
#...#.####.......#...#
#...#.# #.......#...#
#...#.Z #.......#...#
#...### #.∩.....#...#
#...# ....+####...#
#...# #...# #...#
#...# ∆ ...# #...#
#...##############...#


You could see an elf zombie.

Vanquished Creatures
  A hound (D:5)
  5 hobgoblin zombies (Ossuary)
  A jackal zombie (Ossuary)
  11 kobold zombies (Ossuary)
  5 orc zombies (Ossuary)
  A rat zombie (Ossuary)
24 creatures vanquished.

Notes
Turn   | Place    | Note
-------+----------+-------------------------------------------
     0 | D:5      | Reached skill level 9 in Stealth
     0 | D:5      | leafyfresh the Gnoll Delver began the quest for the Orb.
     0 | D:5      | Reached XP level 1. HP: 23/23 MP: 1/1
     4 | D:5      | Found an iron altar of Okawaru.
    18 | D:5      | Noticed a hound
    48 | D:5      | Killed a hound
    49 | D:5      | Reached XP level 2. HP: 5/29 MP: 1/3
    49 | D:5      | Reached XP level 3. HP: 6/35 MP: 1/4
    59 | D:5      | Found a sand-covered staircase.
    66 | Ossuary  | Entered an ossuary
   614 | Ossuary  | Reached skill level 1 in Invocations
   950 | Ossuary  | Reached skill level 1 in Long Blades
   950 | Ossuary  | Reached skill level 1 in Axes
   950 | Ossuary  | Reached skill level 1 in Maces & Flails
   950 | Ossuary  | Reached skill level 1 in Polearms
   950 | Ossuary  | Reached skill level 1 in Staves
   950 | Ossuary  | Reached skill level 1 in Ranged Weapons
   950 | Ossuary  | Reached skill level 1 in Throwing
   950 | Ossuary  | Reached skill level 1 in Armour
   950 | Ossuary  | Reached skill level 1 in Shields
   950 | Ossuary  | Reached skill level 1 in Unarmed Combat
   950 | Ossuary  | Reached skill level 1 in Spellcasting
   950 | Ossuary  | Reached skill level 1 in Evocations
   975 | Ossuary  | Slain by an elf zombie

Illustrated notes

Levels and vault maps discovered:
D:5:      layout_layer_cave, makhleb_blood_cavern_becter, amcnicky_altar_gilded,
          hangedman_ru_absence, okawaru_trees_2, mainiacjoe_overflow_boulevard,
          ebering_ghost_reflecting_pool, enter_ossuary_4,
          minmay_shop_grid_forest, kennysheep_pointless_box, kennysheep_diamond
Ossuary:  ossuary_tomb_1

Skill      XL: |  1  2  3 |
---------------+----------+-----
Stealth        | |  9.6
Invocations    | 1 |  1.0
Long Blades    | 1 |  1.0
Axes           | 1 |  1.0
Maces & Flails | 1 |  1.0
Polearms       | 1 |  1.0
Staves         | 1 |  1.0
Ranged Weapons | 1 |  1.0
Throwing       | 1 |  1.0
Armour         | 1 |  1.0
Shields        | 1 |  1.0
Unarmed Combat | 1 |  1.0
Spellcasting   | 1 |  1.0
Evocations     | 1 |  1.0
Fighting       | |  6.5
Short Blades   | |  4.6
Dodging        | |  4.6
Conjurations   | |  0.7
Hexes          | |  0.7
Summonings     | |  0.7
Necromancy     | |  0.7
Translocations | |  0.7
Transmutations | |  0.7
Fire Magic     | |  0.7
Ice Magic      | |  0.7
Air Magic      | |  0.7
Earth Magic    | |  0.7
Poison Magic   | |  0.7

Action                   || total
-------------------------++-------
Melee: Short sword       ||   126
       Bite              ||    13
       Punch             ||     4
  Use: Scroll            ||     1
 Stab: Sleeping          ||     3
Armor: Leather armour    ||    23
Dodge: Dodged            ||    55
